 Dungeon Crawl Stone Soup version 0.30-a0-629-gd54f4be4f7 (webtiles) character file.

Game seed: 14572324696101153052

487 wormed the Sneak (level 7, -6/42 (43) HPs)
             Began as a Kobold Brigand on Jan 12, 2023.
             Mangled by a wight
             ... wielding a +2 dire flail
              (12 damage)
             ... on level 4 of the Dungeon.
             The game lasted 00:05:02 (3108 turns).

wormed the Sneak (Kobold Brigand)                   Turns: 3108, Time: 00:05:03

HP:   -6/42 (43)    AC:  8    Str:  8    XL:     7   Next: 36%
MP:   7/7           EV: 15    Int: 13    God:
Gold: 150           SH:  4    Dex: 18    Spells: 6/6 levels left

rFire   . . .      SeeInvis .    a - +3 dagger (freeze)
rCold   . . .      Faith    .    (no shield)
rNeg    . . .      Spirit   .    j - +0 leather armour
rPois   .          Reflect  .    (no helmet)
rElec   .          Harm     .    c - +1 cloak
rCorr   .          Rampage  .    o - +0 pair of gloves
Will    .....                    (no boots)
Stlth   ++++                     (no amulet)
HPRegen 0.27/turn                (no ring)
MPRegen 0.10/turn                (no ring)

@: lightly drained
A: small, no large weapons, nightstalker 3, iridescent scales 1, large bone
plates 1
a: no special abilities


You were on level 4 of the Dungeon.
You visited 1 branch of the dungeon, and saw 4 of its levels.

You collected 150 gold pieces.

Inventory:

Hand Weapons
 a - a +3 dagger of freezing (weapon)
Missiles
 d - 22 poisoned darts
 e - 3 curare-tipped darts
Armour
 c - a +1 cloak (worn)
 j - a +0 leather armour (worn)
 o - a +0 pair of gloves (worn)
Wands
 k - a wand of mindburst (9) (quivered)
Scrolls
 i - a scroll of enchant weapon
Potions
 b - a potion of experience {unknown}
 h - a potion of degeneration


   Skills:
 + Level 4.1 Fighting
 * Level 6.5 Short Blades
 - Level 2.1 Throwing
 + Level 3.8 Dodging
 + Level 7.0 Stealth


You had 6 spell levels left.
You didn't know any spells.
Your spell library contained the following spells:

 Spells                   Type           Power      Damage    Failure   Level
 Gell's Gravitas          Tloc           0%         N/A       80%         3
 Lesser Beckoning         Tloc           0%         N/A       80%         3
 Ozocubu's Armour         Ice            0%         N/A       80%         3
 Teleport Other           Tloc           0%         N/A       80%         3
 Ozocubu's Refrigeration  Ice            0%         4d7       100%        7


Dungeon Overview and Level Annotations

Branches:
Dungeon (4/15)
 Temple: D:4-7

Altars:

Shops:
D:1 :

Annotations:
D:3 3 runed translucent doors, NinjaNoafa's ghost, amateur GnWr


Innate Abilities, Weirdness & Mutations

You are small and have problems with some larger weapons.
You are completely attuned to the shadows.
You are partially covered in iridescent scales. (AC +2)
You are partially covered in large bone plates. (SH +4)


Message History

The wight completely misses you.
You hit the wight but do no damage. You hit the wight but do no damage.
The wight hits you with a +4 short sword!
The wight closely misses you.
You completely miss the wight. The wight misses you.
The wight barely misses you.
You barely miss the wight.
The wight hits you with a +4 short sword.
The wight barely misses you.
You completely miss the wight. You hit the wight.
The wight is lightly damaged.
The wight hits you but does no damage.
The wight hits you with a +4 short sword.
You hit the wight but do no damage. Your punch misses the wight.
The wight misses you. x2
You hit the wight but do no damage. You hit the wight but do no damage.
The wight hits you with a +4 short sword.
You feel drained. The wight barely misses you.
You hit the wight but do no damage. The wight barely misses you. x2
The wight attacks as you move away! The wight hits you but does no damage.
The wight attacks as you move away!
The wight hits you with a +2 dire flail!
* * * LOW HITPOINT WARNING * * *
You feel drained.
* * * LOW HITPOINT WARNING * * *
Aiming: Mindburst
Press: ? - help, Q - select action, (/) - cycle Shift-Dir - straight line, f - wight
Aim: a wight, wielding a +4 short sword and wearing a +0 robe (chance to affect: 64%)
The wight's mind is blasted!!
You blow up the wight!
Your Stealth skill increases to level 7!
Aiming: Mindburst
Press: ? - help, Q - select action, (/) - cycle Shift-Dir - straight line, f - wight
Aim: a wight, wielding a +2 dire flail and wearing a +0 robe (lightly damaged, chance to affect: 64%)
The wight struggles to resist.
The wight hits you with a +2 dire flail!
You die...

.##.##.#
#.
.......#
#.
##...###
## #...#
#####
###...##
#....
#......#
#.###
#.##.#.#
...##.#
#.##.#.##
..##.#
#..)@....
#.##.#
#..z##.#.
####.##.#
......).#
........#
........#
####.####
.......##
##.##
#.....##
#...#
......
#...#
#...#####
#........


You could see a wight.

Vanquished Creatures
  A scorpion (D:4)
  3 wights (D:4)
  An orc priest (D:4)
  2 orc wizards (D:4)
  7 gnolls
  2 adders (D:3)
  2 dart slugs
  16 orcs
  6 bats
  8 endoplasms
  A giant cockroach (D:2)
  7 hobgoblins
  5 quokkas
  11 ball pythons
  4 frilled lizards
  10 goblins
  9 kobolds
  5 rats
100 creatures vanquished.

Vanquished Creatures (others)
  A plant (D:2)
1 creature vanquished.

Grand Total: 101 creatures vanquished

Notes
Turn   | Place    | Note
-------+----------+-------------------------------------------
     0 | D:1      | wormed the Kobold Brigand began the quest for the Orb.
     0 | D:1      | Reached XP level 1. HP: 12/12 MP: 1/1
    37 | D:1      | Found Daxef's Book Shop.
   138 | D:1      | Reached XP level 2. HP: 11/18 MP: 2/2
   504 | D:1      | Reached XP level 3. HP: 22/22 MP: 3/3
   703 | D:2      | Reached XP level 4. HP: 14/27 MP: 4/4
  1343 | D:2      | Reached skill level 6 in Stealth
  1900 | D:3      | Reached XP level 5. HP: 29/32 MP: 5/5
  2210 | D:3      | Found a runed translucent gate.
  2211 | D:3      | Found a runed translucent gate.
  2213 | D:3      | Found a runed translucent gate.
  2265 | D:3      | Reached skill level 5 in Short Blades
  2447 | D:3      | Noticed NinjaNoafa's ghost (amateur GnWr)
  2578 | D:4      | Reached XP level 6. HP: 28/37 MP: 6/6
  2805 | D:4      | Gained mutation: You are partially covered in iridescent
                  | scales. (AC +2) [potion of mutation]
  2805 | D:4      | Gained mutation: You are partially covered in large bone
                  | plates. (SH +4) [potion of mutation]
  3088 | D:4      | Reached XP level 7. HP: 42/42 MP: 7/7
  3108 | D:4      | Reached skill level 7 in Stealth
  3108 | D:4      | Mangled by a wight

Illustrated notes

Levels and vault maps discovered:
D:1:      tarquinn_simple_flora_water_a, layout_rooms, serial_shops, shop,
          minmay_misc_feat_rows
D:2:      layout_basic, minmay_statues_item, serial_bayou_pond_d, minmay_3d_cube
D:3:      layout_rooms, gammafunk_ghost_split
D:4:      layout_loops_cross, grunt_ministairs_2, uniq_natasha

Skill      XL: |  1  2  3  4  5  6  7 |
---------------+----------------------+-----
Short Blades   | 3 4 5 6 |  6.5
Dodging        | 2 3 |  3.8
Stealth        | 6 7 |  7.0
Fighting       | 3 4 |  4.1
Throwing       | |  2.1

Action                   |  1- 3 |  4- 6 |  7- 9 || total
-------------------------+-------+-------+-------++-------
Melee: Dagger            |    61 |   200 |    13 ||   274
       Punch             |     1 |       |       ||     1
Evoke: Wand              |       |       |     2 ||     2
  Use: Scroll            |     6 |     6 |       ||    12
       Potion            |       |     4 |       ||     4
 Stab: Sleeping          |    13 |    29 |     1 ||    43
Armor: Robe              |     5 |       |       ||     5
       Leather armour    |     4 |    48 |     2 ||    54
Dodge: Dodged            |    21 |   106 |    11 ||   138
Block: Other             |       |     5 |     1 ||     6

Table legend: (Time is in decaauts)
 A = Elapsed time spent in this place.
 B = Non-inter-level travel time spent in this place.
 C = Inter-level travel time spent in this place.
 D = Time resting spent in this place.
 E = Time spent auto-exploring this place.
 F = Levels seen in this place.
 G = Mean time per level.
                   A        B        C        D        E       F      G
               +--------+--------+--------+--------+--------+-----+--------+
         Total |   3044 |   2948 |     96 |      0 |   2323 |   4 |  761.0 |
       Dungeon |   3044 |   2948 |     96 |      0 |   2323 |   4 |  761.0 |
               +--------+--------+--------+--------+--------+-----+--------+

Top non-repeatable levels by time:
     D:2: 1144 daAuts
     D:1: 684 daAuts
     D:3: 642 daAuts
     D:4: 572 daAuts
